 Dungeon Crawl Stone Soup version 0.17-a0-1625-g47e540b (webtiles) character file.

3454 karlkraus the Blocker (level 9, -2/89 HPs)
             Began as a Minotaur Fighter on Aug 2, 2015.
             Was a Follower of Ru.
             Killed from afar by Maurice (4 damage)
             ... with a wand of frost
             ... on level 8 of the Dungeon.
             The game lasted 00:24:52 (5957 turns).

karlkraus the Blocker (Minotaur Fighter)            Turns: 5957, Time: 00:24:52

Health: -2/89      AC: 11    Str: 24    XL:     9   Next: 78%
Magic:  8/8        EV:  9    Int:  7    God:    Ru [*.....]
Gold:   82         SH: 18    Dex: 10    Spells: 0 memorised, 8 levels left

rFire  + . .     SeeInvis .     a - +2 flail
rCold  x . .     Rnd*Rage +     b - +0 scale mail
rNeg   . . .     SustAt   .     g - +1 large shield
rPois  .         Gourm    .     (helmet restricted)
rElec  .         Spirit   .     (no cloak)
rCorr  .         Warding  .     n - +1 pair of gloves
rMut   .         Rnd*Tele +     o - +0 pair of boots
MR     .....                    w - amulet of faith
Stlth  +.........               (no ring)
                                l - ring of fire

@: not resistant to hostile enchantments, very unstealthy
A: retaliatory headbutt, horns 2, talons 1, molten scales 1, rugged brown scales
1, camouflage 1, berserk 1, blurry vision 1, clever 1, deformed body, robust 1,
shaggy fur 1, teleportitis 1, no device heal 1, hated by all
a: Renounce Religion


You were on level 8 of the Dungeon.
You worshipped Ru.
Ru was aware of your devotion.
You were near starving.

You visited 2 branches of the dungeon, and saw 9 of its levels.
You also visited: Ossuary.

You collected 307 gold pieces.
You spent 225 gold pieces at shops.

Inventory:

Hand weapons
 a - a +2 flail (weapon)
Armour
 b - a +0 scale mail (worn)
 g - a +1 large shield (worn)
 n - a +1 pair of gloves (worn)
 o - a +0 pair of boots (worn)
Jewellery
 l - a ring of fire (left hand)
 w - an amulet of faith (around neck)
Magical devices
 d - a wand of disintegration (13)
 q - a wand of flame (11)
Scrolls
 f - a scroll of identify
 h - 2 scrolls of immolation
 m - a scroll of enchant weapon
 s - a scroll of recharging
 u - a scroll of enchant armour
 y - a scroll of teleportation
Potions
 i - 5 potions of agility
 j - a potion of resistance
 r - 3 potions of magic
 t - a potion of brilliance
 v - 5 potions of curing
 A - 3 potions of lignification
 C - a potion of cure mutation
 F - a potion of ambrosia
 G - 2 potions of flight
 K - a potion of berserk rage
 M - a potion of invisibility
 P - a potion of cancellation
Comestibles
 e - 7 bread rations
 x - 3 meat rations
 J - 7 fruits
 R - 2 beef jerkies
 S - 7 slices of pizza


   Skills:
 + Level 7.0 Fighting
 + Level 8.4 Maces & Flails
 + Level 7.7 Armour
 + Level 6.1 Dodging
 + Level 1.0 Stealth
 + Level 9.7 Shields
 + Level 0.3 Evocations


You had 8 spell levels left.
You didn't know any spells.

Dungeon Overview and Level Annotations

Branches:
Dungeon (8/15)             Temple (1/1) D:6
   Lair: D:8-11

Altars:
Ashenzari
Cheibriados
Dithmenos
Elyvilon
Gozag
Kikubaaqudgha
Makhleb
Nemelex Xobeh
Okawaru
Ru
Sif Muna
Trog
Vehumet
Xom
Yredelemnul
Zin
The Shining One

Shops:
D:6 !

Annotations:
D:8 Maurice


Innate Abilities, Weirdness & Mutations

You reflexively headbutt those who attack you in melee.
You have a pair of horns on your head.
You are hated by all.
You have sharp toenails.
You are partially covered in molten scales (AC +1).
You are partially covered in rugged brown scales (AC +1, +3% HP).
Your skin changes colour to match your surroundings (Stealth).
You tend to lose your temper in combat.
Scrolls take you a little longer to read.
Your mind is acute. (Int +2)
Armour fits poorly on your strangely shaped body.
You are robust (+10% HP).
You are covered in fur (AC +1).
You are occasionally teleported to nearby monsters.
Potions and wands are less effective at restoring your health.


Message History

You are too injured to fight recklessly!
You are too injured to fight recklessly!
You are too injured to fight recklessly!
You block the two-headed ogre's attack.
The two-headed ogre hits you with a giant club!
* * * LOW HITPOINT WARNING * * *
You sock the two-headed ogre!
You kill the two-headed ogre!
Your Fighting skill increases to level 7!
Your Dodging skill increases to level 6!
Maurice appears from thin air!
Reactivating autopickup.
Maurice mumbles some strange words.
Maurice looks slightly unstable.
Maurice gestures wildly while chanting.
Maurice blinks!
Things that are here:
a giant spiked club; a giant club; a two-headed ogre corpse Maurice zaps a wand.
The puff of frost hits you!
You feel a terrible chill!
You die...

# ##### ..# ....# ####..#
....### # .......
......##.# .......
#.###.##.##### .....
..##.........# ... .
..##>........######.###..#
..##............@)........
#..#.......@.#####..######
....#.##.### ###...##
##>........###...###
.......<#......### #
.................#..
....†....#.))......#
###.#...)..).....###
..........))....#


You could see Maurice.

Vanquished Creatures
  2 two-headed ogres
  A human (D:7)
  A yak (D:7)
  A hungry ghost (D:7)
  A steam dragon (D:7)
  Duvessa (D:4)
  A phantom (D:6)
  A water moccasin (D:7)
  An ice beast (D:7)
  A necrophage (D:7)
  4 ogres
  A sky beast (D:8)
  A centaur (D:5)
  3 giant frogs
  A gnoll sergeant (D:7)
  Dowan (D:4)
  A wyvern zombie (D:6)
  A scorpion (D:6)
  3 crimson imps
  An electric eel (D:7)
  2 giant frog zombies
  2 hounds
  A giant frog skeleton (D:4)
  2 orc wizards
  Natasha (twice) (D:4)
  9 worker ants
  3 sheep (D:7)
  A killer bee zombie (D:7)
  A hound skeleton (D:5)
  13 mummies (Ossuary)
  Robin (D:3)
  8 gnolls
  6 adders
  2 shadow imps
  2 oozes
  5 worms
  11 orcs
  3 giant cockroaches
  4 hobgoblins
  6 jackals (D:3)
  4 kobolds
  2 quokkas
  A ball python (D:2)
  4 bats
  5 giant geckos
  6 giant newts
  A gnoll skeleton (Ossuary)
  21 goblins
  2 goblin skeletons (Ossuary)
  A jackal skeleton (D:6)
  A kobold skeleton (Ossuary)
  4 orc skeletons (Ossuary)
  A quokka skeleton (D:8)
  4 rats
  11 rat skeletons (Ossuary)
180 creatures vanquished.

Vanquished Creatures (others)
  An orc (D:8)
1 creature vanquished.

Grand Total: 181 creatures vanquished

Notes
Turn   | Place    | Note
--------------------------------------------------------------
     0 | D:1      | karlkraus the Minotaur Fighter began the quest for the Orb.
     0 | D:1      | Reached XP level 1. HP: 19/19 MP: 0/0
   409 | D:1      | Reached skill level 4 in Fighting
   409 | D:1      | Reached XP level 2. HP: 25/27 MP: 1/1
   536 | D:2      | Found a shimmering altar of Xom.
   657 | D:2      | Reached XP level 3. HP: 20/33 MP: 2/2
   744 | D:2      | Reached skill level 1 in Dodging
  1024 | D:2      | Reached XP level 4. HP: 41/41 MP: 3/3
  1122 | D:3      | Found an iron altar of Okawaru.
  1123 | D:3      | Found a radiant altar of Vehumet.
  1123 | D:3      | Found a glowing golden altar of the Shining One.
  1615 | D:3      | Noticed Robin
  1634 | D:3      | Killed Robin
  1726 | D:3      | Reached XP level 5. HP: 43/47 MP: 4/4
  1805 | D:3      | Found a shattered altar of Ashenzari.
  2159 | D:4      | Noticed Natasha
  2164 | D:4      | Killed Natasha
  2164 | D:4      | Reached skill level 5 in Shields
  2211 | D:4      | Noticed Duvessa
  2211 | D:4      | Noticed Dowan
  2217 | D:4      | Killed Duvessa
  2217 | D:4      | Reached skill level 5 in Fighting
  2217 | D:4      | Reached XP level 6. HP: 51/56 MP: 5/5
  2218 | D:4      | Killed Dowan
  2232 | D:4      | Noticed an ogre
  2236 | D:4      | Killed an ogre
  2236 | D:4      | Reached skill level 6 in Shields
  2262 | D:4      | Reached XP level 7. HP: 56/61 MP: 6/6
  2310 | D:4      | Noticed Natasha
  2317 | D:4      | Killed Natasha
  2317 | D:4      | Reached skill level 5 in Maces & Flails
  2436 | D:4      | Noticed a two-headed ogre
  2439 | D:4      | Killed a two-headed ogre
  2592 | D:5      | Entered Level 5 of the Dungeon
  2678 | D:5      | Reached skill level 7 in Shields
  2787 | D:5      | Reached skill level 5 in Armour
  2907 | D:5      | Found a snail-covered altar of Cheibriados.
  3060 | D:6      | Found a sand-covered staircase.
  3077 | Ossuary  | Entered an ossuary
  3090 | Ossuary  | Reached XP level 8. HP: 69/69 MP: 7/7
  3515 | D:6      | Found a staircase to the Ecumenical Temple.
  3533 | Temple   | Entered the Ecumenical Temple
  3652 | Temple   | Became a worshipper of Ru the Awakened
  3693 | D:6      | Found Anasmynk's Distillery.
  3701 | D:6      | Bought a potion of flight for 30 gold pieces
  3701 | D:6      | Bought a potion of curing for 30 gold pieces
  3701 | D:6      | Bought a potion of berserk rage for 50 gold pieces
  3701 | D:6      | Bought a potion of degeneration for 10 gold pieces
  3701 | D:6      | Bought a potion of agility for 40 gold pieces
  3701 | D:6      | Bought a potion of mutation for 25 gold pieces
  3701 | D:6      | Bought a potion of might for 40 gold pieces
  3705 | D:6      | Gained mutation: You are partially covered in molten scales (AC +1). [potion of mutation]
  3705 | D:6      | Gained mutation: You are covered in fur (AC +1). [potion of mutation]
  3705 | D:6      | Gained mutation: You have sharp toenails. [potion of mutation]
  3706 | D:6      | Gained mutation: You are robust (+10% HP). [potion of mutation]
  3706 | D:6      | Gained mutation: You can spit weak poison. [potion of mutation]
  3706 | D:6      | Gained mutation: Potions and wands are less effective at restoring your health. [potion of mutation]
  3707 | D:6      | Gained mutation: Armour fits poorly on your strangely shaped body. [potion of mutation]
  3708 | D:6      | Gained mutation: Your magical capacity is low (-10% MP). [potion of mutation]
  3708 | D:6      | Gained mutation: Your spells are a little easier to cast, but a little less powerful. [potion of mutation]
  3709 | D:6      | Lost mutation: You can spit weak poison. [potion of mutation]
  3709 | D:6      | Lost mutation: Your magical capacity is low (-10% MP). [potion of mutation]
  3709 | D:6      | Gained mutation: Scrolls take you a little longer to read. [potion of mutation]
  3710 | D:6      | Gained mutation: You are partially covered in rugged brown scales (AC +1, +3% HP). [potion of mutation]
  4316 | D:7      | Reached skill level 8 in Shields
  4699 | D:7      | Reached XP level 9. HP: 85/88 MP: 8/8
  4726 | D:7      | Gained mutation: You are occasionally teleported to nearby monsters. [potion of mutation]
  4726 | D:7      | Lost mutation: Your spells are a little easier to cast, but a little less powerful. [potion of mutation]
  4779 | D:7      | Gained mutation: You are hated by all. [Ru sacrifice]
  4779 | D:7      | Acquired Ru's first power
  4795 | D:7      | Reached skill level 5 in Dodging
  4955 | D:7      | Reached skill level 9 in Shields
  4963 | D:7      | Reached skill level 1 in Stealth
  5690 | D:7      | Gained mutation: Your skin changes colour to match your surroundings (Stealth). [potion of beneficial mutation]
  5819 | D:8      | Found a shadowy altar of Dithmenos.
  5841 | D:8      | Noticed Maurice
  5871 | D:7      | Gained mutation: Your mind is acute. (Int +2) [mutagenic meat]
  5872 | D:7      | Gained mutation: You tend to lose your temper in combat. [mutagenic meat]
  5954 | D:8      | HP: 2/88 [two-headed ogre/giant spiked club (14)]
  5957 | D:8      | Killed from afar by Maurice

Vault maps used:
D:1:      saegor_arrival_simple_c, minivault_11, glass_columns_b
D:2:      nicolae_overflow_hidden_temple, first_bread
D:3:      kennysheep_goblin_castle, grunt_temple_overflow_open,
          nicolae_ashenzari_panopticon
D:4:      uniq_robin, uniq_duvessa, uniq_natasha
D:5:      cheibrodos_worm_habitat
D:6:      temple_fountains, nicolae_ossuary_entry_monument, serial_shops, shop
D:7:      grunt_ministairs_12, minmay_bad_closet, grunt_livestock,
          kennysheep_generic_room_2
D:8:      nicolae_dithmenos_shadow_blocks, uniq_joseph, uniq_maurice
Temple:   eino_temple_water_12
Ossuary:  ossuary_due_small_catacomb

Action                   |  1- 3 |  4- 6 |  7- 9 || total
-------------------------+-------+-------+-------++-------
Melee: Flail             |    62 |   138 |   414 ||   614
Invok: Sacrifice Love    |       |       |     1 ||     1
Evoke: Wand              |       |       |     3 ||     3
  Use: Potion            |       |     1 |    11 ||    12
       Scroll            |       |       |    25 ||    25
  Eat: Chunk             |       |     5 |    15 ||    20
       Royal jelly       |       |       |     1 ||     1
